 Dungeon Crawl Stone Soup version 0.13.0-27-gc65393c (webtiles) character file.

225 Maxim the Ruffian (level 4, 0/46 HPs)
             Began as a Troll Fighter on Nov 2, 2013.
             Slain by Grinder (5 damage)
             ... while paralysed by a potion of paralysis
             ... on Level 3 of the Dungeon.
             The game lasted 00:03:18 (2021 turns).

Maxim the Ruffian (Troll Fighter)                   Turns: 2021, Time: 00:03:18

HP   0/46        AC  6     Str 24      XL: 4   Next: 47%
MP   1/1         EV  1     Int 10      God:
Gold 125         SH  0     Dex  9      Spells:  0 memorised,  3 levels left

Res.Fire  : . . .   See Invis. : .     - Unarmed
Res.Cold  : . . .   Warding    : .   b - +0 robe
Life Prot.: . . .   Conserve   : .   c - +0 shield
Res.Poison: .       Res.Corr.  : .   (helmet restricted)
Res.Elec. : .       Clarity    : .   n - +0 cloak (curse)
Sust.Abil.: . .     Spirit.Shd : .   (gloves unavailable)
Res.Mut.  : .       Stasis     : .   (boots unavailable)
Res.Rott. : .       Flight     : .   (no amulet)
Gourmand  : +                        (no ring)
                                     (no ring)

@: paralysed, brilliant, slightly resistant to hostile enchantments, very
unstealthy
A: unfitting armour, claws 3, fast metabolism 3, gourmand, regeneration 2,
saprovore 2, tough skin 2, AC +1
a: no special abilities


You were on level 3 of the Dungeon.
You were full.

You visited 1 branch of the dungeon, and saw 3 of its levels.

You collected 105 gold pieces.

Inventory:

Missiles
 e - 10 darts (quivered)
Armour
 b - a +0 robe (worn)
 c - a +0 shield (worn)
 n - a cursed +0 cloak (worn)
Comestibles
 a - 2 meat rations
 f - 2 chokos
 k - 2 apples
 l - 2 bread rations
Scrolls
 g - 2 scrolls of remove curse {unknown}
 h - 2 scrolls of teleportation
 q - a scroll of blinking {unknown}
 v - a scroll of identify {unknown}
Jewellery
 j - an uncursed ring of sustain abilities {unknown}
Potions
 s - a potion of might {unknown}
 t - a potion of cure mutation {unknown}
 u - a potion of curing {unknown}
 w - a potion of porridge {unknown}


   Skills:
 - Level 2.4 Fighting
 - Level 2.4 Dodging
 - Level 2.4 Shields
 + Level 4.8 Unarmed Combat


You had 3 spell levels left.
You didn't know any spells.

Dungeon Overview and Level Annotations

Branches:
Dungeon (3/27)

Altars:

Annotations:
D:3 Grinder


Innate Abilities, Weirdness & Mutations

You are too large for most types of armour.
You have claws for hands.
Your metabolism is lightning-fast.
You like to eat raw meat.
You heal very quickly.
You can eat rotten meat.
You are covered in fur (AC +1).
You have very tough skin (AC +2).


Message History

Grinder says, "Tell me all your secrets, or I'll kill you."
Grinder gestures at you. Pain shoots through your body!
Grinder hits you but does no damage. Grinder hits you. Grinder hits you.
You writhe in agony.
You can move again.
Unknown command.
Drink which item? (? for menu, Esc to quit)
You feel more clever all of a sudden.
It was a potion of brilliance.
You block Grinder's attack.
Unknown command.
Drink which item? (? for menu, Esc to quit)
You suddenly lose the ability to move!
It was a potion of paralysis.
Grinder hits you.
You writhe in agony.
* * * LOW HITPOINT WARNING * * *
Grinder hits you!
* * * LOW HITPOINT WARNING * * *
You writhe in agony.
You die...

**** **,*,***** #.# #.#
##.# ,,,* *,,,,**** #.#
#.# #..# **,*****,*,**,**
#.## #.# #.##
,*,*,,,,,,,,,,,*
##..###.####.#
,*,*,***,***,,**
#............# ,*,*,* *,*
#,,* #.#.###.###### ,*,*,*
*,* #.,* #.#.# #.# ,*,*,*
*,* #..####.#.# #.#
,,,*,***,**#..)5@..#.# #.#
,,,,,,,..............#*#.#
,,**,**,....)............#
,,,,,,,,.###.#############
,,,,,,,,,* #.* ,***,*****
#,* ,* *,*******,* **
*,,,,,,,,,* ***********


You could see Grinder.

Vanquished Creatures
  Ijyb (D:2)
  2 adders
  A worm (D:2)
  An inept feature mimic (D:2)
  An orc (D:3)
  A ball python (D:1)
  2 giant cockroaches (D:2)
  13 hobgoblins
  8 jackals
  7 kobolds
  A quokka (D:2)
  2 bats
  2 giant newts (D:1)
  6 goblins
  2 rats
50 creatures vanquished.

Notes
Turn   | Place    | Note
--------------------------------------------------------------
     0 | D:1      | Maxim, the Troll Fighter, began the quest for the Orb.
     0 | D:1      | Reached XP level 1. HP: 23/23 MP: 0/0
   351 | D:1      | Reached XP level 2. HP: 31/31 MP: 0/0
   425 | D:1      | Reached skill level 3 in Unarmed Combat
  1097 | D:2      | Reached XP level 3. HP: 37/37 MP: 1/1
  1363 | D:2      | Noticed Ijyb
  1371 | D:2      | Killed Ijyb
  1371 | D:2      | Reached skill level 4 in Unarmed Combat
  1378 | D:2      | Reached XP level 4. HP: 46/46 MP: 1/1
  2007 | D:3      | Noticed Grinder
  2014 | D:3      | Paralysed by Grinder for 5 turns
  2020 | D:3      | Paralysed by a potion of paralysis for 4 turns
  2021 | D:3      | Slain by Grinder

Action                   |  1- 3 |  4- 6 || total
-------------------------+-------+-------++-------
Melee: Unarmed           |    90 |    42 ||   132
Throw: Dart              |     4 |       ||     4
       Spear             |     1 |     1 ||     2
  Use: Scroll            |     1 |     4 ||     5
       Potion            |       |     2 ||     2
 Stab: Sleeping          |     1 |       ||     1
